 Dungeon Crawl Stone Soup version 0.16.1-30-g34a7ffa (webtiles) character file.

9238 joy the Nimble (level 11, 47/47 HPs)
             Began as a Spriggan Enchanter on June 19, 2015.
             Was an Initiate of Kikubaaqudgha.
             Quit the game on level 10 of the Dungeon.
             The game lasted 00:25:11 (11705 turns).

joy the Nimble (Spriggan Enchanter)                Turns: 11705, Time: 00:25:12

Health: 47/47      AC:  4    Str:  4    XL:     11   Next: 20%
Magic:  29/29      EV: 31    Int: 20    God:    Kikubaaqudgha [......]
Gold:   483        SH:  0    Dex: 25    Spells: 2 memorised, 27 levels left

rFire  . . .     SeeInvis +     G - +6 dagger of Wondrous Power {speed, rPois MR+ Dex+5}
rCold  . . .     Clarity  .     n - +1 robe {MR+}
rNeg   . . .     SustAb   .     (shield restricted)
rPois  +         Gourm    .     D - +1 hat
rElec  .         Spirit   .     (no cloak)
rCorr  .         Warding  .     (gloves unavailable)
rMut   .         Stasis   .     (boots unavailable)
MR     ++++.                    (no amulet)
Stlth  ++++++....               (no ring)
                                j - +3 ring of dexterity

@: drained, very quick, incredibly resistant to hostile enchantments, very
stealthy
A: unfitting armour, talons 1, see invisible, herbivore 3, speed 3, low mp 1,
magic resistance 1, slow metabolism 2
a: Renounce Religion


You were on level 10 of the Dungeon.
You worshipped Kikubaaqudgha.
Kikubaaqudgha was noncommittal.
You were not hungry.

You visited 2 branches of the dungeon, and saw 11 of its levels.

You collected 483 gold pieces.

Inventory:

Hand weapons
 v - a +0 dagger of venom
 w - a +2 short sword of venom
 F - a +0 blowgun
 G - the +6 dagger of Wondrous Power (weapon) {speed, rPois MR+ Dex+5}
   (You found it on level 9 of the Dungeon)

   Attacks with this weapon are significantly faster.
   It affects your dexterity (+5).
   It protects you from poison.
   It affects your resistance to hostile enchantments.
Missiles
 m - 53 poisoned needles
Armour
 n - a +1 robe of magic resistance (worn)
 t - the -3 cloak of the Failed Coup {rC++}
   (You found it on level 5 of the Dungeon)

   It greatly protects you from cold.
 D - a +1 hat (worn)
Magical staves
 e - an uncursed staff of fire {unknown}
Jewellery
 j - a +3 ring of dexterity (left hand)
 y - an uncursed ring of protection from fire {unknown}
Magical devices
 l - a wand of flame (27)
 o - a wand of confusion (31)
 z - a wand of flame (26)
Scrolls
 h - 9 scrolls of identify
 i - 4 scrolls of remove curse
 x - a scroll of enchant weapon
 A - a scroll of amnesia
 B - 2 scrolls of immolation {unknown}
 C - a scroll of fear {unknown}
 E - a scroll of holy word {unknown}
 H - a scroll of recharging {unknown}
Potions
 a - a potion of berserk rage {unknown}
 b - 2 potions of agility
 f - a potion of heal wounds {unknown}
 g - 2 potions of haste
 k - 3 potions of ambrosia {unknown}
 q - 2 potions of curing
 r - a potion of restore abilities {unknown}
 s - a potion of brilliance
 u - a potion of flight {unknown}
 I - a potion of invisibility {unknown}
Books
 c - a book of Maledictions

   Spells                             Type                      Level
   a - Corona                         Hexes                        1
   b - Sure Blade                     Hexes/Charms                 2
   c - Ensorcelled Hibernation        Hexes/Ice                    2
   d - Confuse                        Hexes                        3
   e - Dazzling Spray                 Conjuration/Hexes            3
   f - Enslavement                    Hexes                        4
Comestibles
 d - 6 bread rations
 p - 8 slices of pizza


   Skills:
 - Level 5.0(4.7) Short Blades
 + Level 11.6(11.2) Dodging
 + Level 10.7(10.3) Stealth
 - Level 11.0(10.6) Spellcasting
 - Level 10.1(9.7) Hexes
 + Level 0.3(0.0) Necromancy
 - Level 5.1(4.8) Ice Magic


You had 27 spell levels left.
You knew the following spells:

 Your Spells              Type           Power        Failure   Level  Hunger
a - Confuse               Hex            #####...     1%          3    None
b - Ensorcelled Hibernat  Hex/Ice        #####.       1%          2    None


Dungeon Overview and Level Annotations

Branches:
Dungeon (10/15)            Temple (1/1) D:5
   Lair: D:8-11         Orc: D:9-12

Altars:
Ashenzari
Cheibriados
Dithmenos
Elyvilon
Fedhas
Gozag
Kikubaaqudgha
Makhleb
Nemelex Xobeh
Okawaru
Qazlal
Ru
Sif Muna
Trog
Vehumet
Xom
Yredelemnul
Zin
The Shining One


Innate Abilities, Weirdness & Mutations

You are tiny and cannot use many weapons and most armour.
You have supernaturally acute eyesight.
You are a herbivore.
You cover ground extremely quickly.
You need consume almost no food.
You have sharp toenails.
Your magical capacity is low (-10% MP).
You are resistant to hostile enchantments.


Message History

The orc wizard moves out of view.
You hit the orc.
You kill the orc!
Kikubaaqudgha accepts your kill. 2 orcs, 2 deep elf magi, a crimson imp and a shadow imp come into view.
The orc shouts!
The deep elf mage shouts!
The deep elf mage shouts!
The shadow imp shouts!
You hear a roar!
You hear a shout!
The orc wizard mumbles some strange words.
The orc wizard seems to speed up.
The orc zaps a wand.
You resist with almost no effort.
You see here an orc corpse.
The orc wizard gestures wildly while chanting.
The orc wizard flickers and vanishes for a moment.
Things that are here:
a ring mail; an orc corpse The orc zaps a wand.
You resist with almost no effort.
There is an open door here.
There is an open door here.
You start waiting.
Are you sure you want to abandon this character and quit the game? (Confirm with "yes".)

### ...########
.....o)...# ##########
..oo.o[o..######........#
#''######....#.5....[...#
... #....#.#@.......# 5..
#....#.#........# .o.
#..[.'.#........# ...
#....###........# ...
#..[(# #........#


.oe ###+## #........# ' #.# #........# #.# ##'######### #.# #.........# ### You
could see a crimson imp.

Vanquished Creatures
  Gastronok (D:8)
  Pikel (D:8)
  An ugly thing (D:8)
  Grum (D:8)
  A troll (D:8)
  The ghost of emiel the Poker, an average NaGl (D:5)
  Grinder (D:3)
  Prince Ribbit (D:6)
  2 hippogriffs
  A human (D:8)
  2 hungry ghosts (D:8)
  5 yaks (D:7)
  A hog (D:8)
  3 wolves (D:8)
  2 sky beasts (D:7)
  2 ice beasts (D:9)
  3 orc warriors
  A black bear (D:7)
  5 centaurs
  4 phantoms
  A crocodile (D:9)
  3 ogres
  Sigmund (D:4)
  3 giant frogs
  A wyvern zombie (D:9)
  5 scorpions
  A wight (D:10)
  14 killer bees
  2 crimson imps (D:7)
  2 goliath beetles
  A giant frog zombie (D:5)
  3 centaur skeletons
  A giant frog skeleton (D:5)
  A gnoll shaman (D:6)
  3 hounds
  2 jellies
  6 orc priests
  8 worker ants
  6 orc wizards
  2 sheep (D:8)
  5 gnolls (D:6)
  A worker ant zombie (D:6)
  8 adders
  2 worms
  2 adder zombies
  An adder skeleton (D:8)
  5 giant geckos
  34 orcs
  A bat skeleton (D:5)
  3 bat zombies (D:9)
  6 giant cockroaches
  8 goblins
  12 hobgoblins
  13 kobolds
  A ball python (D:4)
  15 bats
  2 giant newts
  3 jackals (D:4)
  6 quokkas
  A quokka skeleton (D:5)
  A quokka zombie (D:6)
  7 rats
  3 rat zombies (D:9)
  A ballistomycete (D:9)
246 creatures vanquished.

Vanquished Creatures (others)
  4 slaves (D:8)
  A sky beast (D:8)
  A killer bee (D:8)
  A sheep (D:8)
  An orc wizard (D:10)
  A giant spore (D:9)
9 creatures vanquished.

Grand Total: 255 creatures vanquished

Notes
Turn   | Place    | Note
--------------------------------------------------------------
     0 | D:1      | joy, the Spriggan Enchanter, began the quest for the Orb.
     0 | D:1      | Reached XP level 1. HP: 9/9 MP: 4/4
   332 | D:1      | Reached XP level 2. HP: 1/13 MP: 7/7
   698 | D:1      | Reached skill level 5 in Stealth
  1093 | D:2      | Found a stormy altar of Qazlal.
  1115 | D:2      | Found a bloodstained altar of Trog.
  1484 | D:2      | Reached XP level 3. HP: 16/16 MP: 9/9
  2072 | D:3      | Noticed Grinder
  2086 | D:2      | Gained mutation: Your magical capacity is low (-10% MP). [potion of mutation]
  2086 | D:2      | Gained mutation: You are resistant to hostile enchantments. [potion of mutation]
  2086 | D:2      | Gained mutation: You have sharp toenails. [potion of mutation]
  2104 | D:3      | Killed Grinder
  2104 | D:3      | Reached skill level 7 in Stealth
  2104 | D:3      | Reached XP level 4. HP: 10/21 MP: 10/10
  2104 | D:3      | Reached XP level 5. HP: 11/24 MP: 12/12
  2302 | D:3      | Reached skill level 8 in Stealth
  2302 | D:3      | Reached XP level 6. HP: 28/28 MP: 15/15
  2384 | D:3      | Learned a level 2 spell: Ensorcelled Hibernation
  3029 | D:3      | Learned a level 3 spell: Confuse
  3070 | D:3      | Reached skill level 5 in Short Blades
  3332 | D:3      | Reached skill level 9 in Stealth
  3611 | D:4      | Noticed Sigmund
  3618 | D:4      | Killed Sigmund
  3618 | D:4      | Reached skill level 10 in Stealth
  3618 | D:4      | Reached XP level 7. HP: 32/32 MP: 7/17
  4039 | D:4      | Found a glowing golden altar of the Shining One.
  4361 | D:4      | Found a radiant altar of Vehumet.
  4688 | D:5      | Entered Level 5 of the Dungeon
  4813 | D:5      | Reached skill level 5 in Hexes
  4911 | D:5      | Found a staircase to the Ecumenical Temple.
  4921 | Temple   | Entered the Ecumenical Temple
  5011 | D:5      | Reached skill level 5 in Spellcasting
  5011 | D:5      | Reached XP level 8. HP: 36/36 MP: 14/21
  5607 | D:5      | Noticed emiel's ghost (average NaGl)
  5640 | D:5      | Killed emiel's ghost
  5808 | D:5      | Got a polished cloak
  5814 | D:5      | Identified the cursed -3 cloak of the Failed Coup {rC++} (You found it on level 5 of the Dungeon)
  6518 | D:6      | Reached skill level 1 in Ice Magic
  7034 | D:6      | Noticed Prince Ribbit
  7094 | D:6      | Killed Prince Ribbit
  7094 | D:6      | Reached XP level 9. HP: 18/39 MP: 10/24
  8066 | D:7      | Reached skill level 10 in Hexes
  8147 | D:7      | Reached skill level 5 in Dodging
  8153 | D:7      | Reached skill level 5 in Ice Magic
  8239 | D:7      | Reached XP level 10. HP: 44/44 MP: 22/26
  8618 | D:7      | Found a shadowy altar of Dithmenos.
  8675 | D:8      | Found a sparkling altar of Nemelex Xobeh.
  8689 | D:8      | Found a shimmering altar of Xom.
  8716 | D:8      | Noticed Pikel
  8740 | D:8      | Killed Pikel
  8740 | D:8      | Reached skill level 10 in Dodging
  8779 | D:8      | Found a white marble altar of Elyvilon.
  8786 | D:8      | Found a glowing golden altar of the Shining One.
  8843 | D:8      | Noticed Gastronok
  8878 | D:8      | HP: 1/44 [orc priest/divine providence (12)]
  9249 | D:8      | Reached skill level 11 in Dodging
  9770 | D:8      | Found a shattered altar of Ashenzari.
  9812 | D:8      | Noticed a brown ugly thing
  9875 | D:8      | Killed a brown ugly thing
  9926 | D:8      | Found a basalt altar of Yredelemnul.
 10123 | D:8      | Killed Gastronok
 10123 | D:8      | Reached skill level 10 in Spellcasting
 10326 | D:8      | Reached XP level 11. HP: 40/47 MP: 18/28
 10355 | D:8      | Noticed Grum
 10367 | D:8      | Killed Grum
 10463 | D:8      | Found a snail-covered altar of Cheibriados.
 10944 | D:9      | Got an ancient dagger
 10945 | D:9      | Identified the +6 dagger of Wondrous Power {speed, rPois MR+ Dex+5} (You found it on level 9 of the Dungeon)
 11215 | D:9      | Found an ancient bone altar of Kikubaaqudgha.
 11224 | D:9      | Became a worshipper of Kikubaaqudgha
 11267 | D:10     | Entered Level 10 of the Dungeon
 11705 | D:10     | Quit the game

Action                   |  1- 3 |  4- 6 |  7- 9 | 10-12 || total
-------------------------+-------+-------+-------+-------++-------
Melee: Dagger            |    67 |   128 |   282 |   263 ||   740
       Short sword       |    53 |       |     3 |     7 ||    63
 Cast: Ensorcelled Hiber |       |    13 |    81 |    71 ||   165
       Confuse           |       |       |    14 |    14 ||    28
  Use: Potion            |     6 |       |       |       ||     6
       Scroll            |       |     8 |     3 |     2 ||    13
 Stab: Sleeping          |     8 |    10 |    59 |    50 ||   127
       Distracted        |       |     1 |       |       ||     1
       Confused          |       |       |    10 |    14 ||    24
  Eat: Bread ration      |       |     1 |       |       ||     1
       Fruit             |       |       |     1 |     1 ||     2
       Royal jelly       |       |       |       |     1 ||     1
       Pizza             |       |       |       |     1 ||     1
